 Dungeon Crawl Stone Soup version 0.24.0-1-gfbc8707122 (webtiles) character file.

Game seed: 7995154277869915388, levelgen mode: deterministic

794 Arixos the Gusty (level 7, -1/45 HPs)
             Began as an Octopode Air Elementalist on Oct 28, 2019.
             Was an Initiate of Dithmenos.
             Slain by a sky beast (6 damage)
             ... on level 5 of the Dungeon.
             The game lasted 00:24:14 (6664 turns).

Arixos the Gusty (Octopode Air Elementalist)        Turns: 6664, Time: 00:24:14

Health: -1/45      AC:  1    Str:  7    XL:     7   Next: 89%
Magic:  13/13      EV: 14    Int: 20    God:    Dithmenos [......]
Gold:   216        SH:  0    Dex: 12    Spells: 2/14 levels left

rFire    . . .     SeeInvis .   t - +1 short sword (vamp)
rCold    . . .     Gourm    .   (no shield)
rNeg     . . .     Faith    .   (helmet restricted)
rPois    +         Spirit   .   (no amulet)
rElec    .         Reflect  .   m - ring of poison resistance
rCorr    .         Harm     .   i - ring of flight
MR       .....                  (no ring)
Stlth    +++.......             (no ring)
HPRegen  0.15/turn              (no ring)
MPRegen  0.13/turn              (no ring)
                                (no ring)
                                (no ring)

@: no status effects
A: almost no armour, stealthy swim, amphibious, 8 rings, constrict 8, camouflage
1, gelatinous body 1
a: Renounce Religion, Evoke Flight


You were on level 5 of the Dungeon.
You worshipped Dithmenos.
Dithmenos was noncommittal.
You were not hungry.

You visited 2 branches of the dungeon, and saw 6 of its levels.
You also visited: Sewer.

You collected 216 gold pieces.

Inventory:

Hand Weapons
 a - a +3 falchion of holy wrath
 t - a +1 vampiric short sword (weapon)
Missiles
 f - 46 poisoned darts (quivered)
 w - 4 datura-tipped darts
Jewellery
 i - a ring of flight (right tentacle)
 m - a ring of poison resistance (left tentacle)
Wands
 u - a wand of paralysis (1)
Scrolls
 c - a scroll of enchant armour {unknown}
 e - 4 scrolls of identify
 j - 5 scrolls of teleportation
 k - 2 scrolls of remove curse
 s - a scroll of immolation {unknown}
Potions
 d - 2 potions of agility {unknown}
 g - 2 potions of might {unknown}
 h - a potion of magic {unknown}
 l - 4 potions of haste {unknown}
 n - a potion of curing {unknown}
 o - 3 potions of flight {unknown}
 q - a potion of brilliance {unknown}
 r - 2 potions of heal wounds {unknown}
Miscellaneous
 p - a box of beasts
Comestibles
 b - 10 rations
 v - 3 chunks of flesh


   Skills:
 + Level 2.6 Fighting
 + Level 3.5 Dodging
 - Level 2.6 Stealth
 * Level 4.4 Spellcasting
 * Level 4.1 Conjurations
 * Level 5.1 Air Magic


You had 2 spell levels left.
You knew the following spells:

 Your Spells              Type           Power        Failure   Level  Hunger
a - Shock                 Conj/Air       ###.         1%          1    None
s - Swiftness             Chrm/Air       ##......     6%          2    #......
A - Lightning Bolt        Conj/Air       ###.......   45%         5    ######.
S - Airstrike             Air            ####......   14%         4    ####...

Your spell library contained the following spells:

 Spells                   Type           Power        Failure   Level  Hunger
 Static Discharge         Conj/Air       ###.....     5%          3    ###....


Dungeon Overview and Level Annotations

Branches:
Dungeon (5/15)             Temple (1/1) D:4           Sewer (visited)

Altars:
Ashenzari
Dithmenos
Elyvilon
Fedhas
Gozag
Makhleb
Nemelex Xobeh
Ru
Trog
Uskayaw
Xom
The Shining One

Annotations:
D:4 1 runed translucent door, fritzmikael's ghost, amateur GrEE


Innate Abilities, Weirdness & Mutations

You cannot wear most types of armour.
You are very stealthy in the water. (Stealth+)
You are amphibious.
You can wear up to eight rings at the same time.
You can use your tentacles to constrict eight enemies at once.
Your skin changes colour to match your surroundings (Stealth+).
Your rubbery body absorbs attacks. (AC +1, EV +1)


Message History

You closely miss the sky beast.
The sky beast is heavily wounded.
The sky beast closely misses you.
You miss the sky beast.
The sky beast is heavily wounded.
The sky beast hits you. The sky beast shocks you.
You hit the sky beast but do no damage.
The sky beast is heavily wounded.
The sky beast flickers out of sight!
Deactivating autopickup; reactivate with Ctrl-A.
Something hits you but does no damage.
You miss something. Something hits you. Something shocks you.
You miss something. Something hits you.
* * * LOW HITPOINT WARNING * * *
Something shocks you.
* * * LOW HITPOINT WARNING * * *
Something hits you.
* * * LOW HITPOINT WARNING * * *
Something shocks you.
You die...

.......### .....#......
##.......###...........
####.................#
###...............#
###.............#
##..........>.#
##...........#
#...##.......# #
#...##.@.....# ##
#..###..{....# .## #..#
#......... ..## #..#
#.......##
...#####....# #.......#
...........> #.......#
#........ #......##
#...##### .......#
...##


There were no monsters in sight!

Vanquished Creatures
  Purgy (Sewer)
  An ogre (D:5)
  2 scorpions
  A crimson imp (D:5)
  A gnoll shaman (D:5)
  A bullfrog skeleton (D:4)
  An orc priest (D:4)
  3 orc wizards
  Jessica (D:2)
  A worker ant (D:4)
  3 gnolls (D:5)
  10 adders
  5 worms
  5 dart slugs
  2 leopard geckos
  16 orcs
  2 giant cockroaches (D:1)
  13 goblins
  13 hobgoblins
  17 jackals
  8 kobolds
  2 quokkas
  4 ball pythons
  5 bats
  7 frilled lizards
  11 rats
136 creatures vanquished.

Notes
Turn   | Place    | Note
-------+----------+-------------------------------------------
     0 | D:1      | Arixos the Octopode Air Elementalist began the quest for
                  | the Orb.
     0 | D:1      | Reached XP level 1. HP: 11/11 MP: 3/3
   169 | D:1      | Reached XP level 2. HP: 17/17 MP: 0/5
   643 | D:1      | Reached XP level 3. HP: 22/22 MP: 0/6
  1336 | D:2      | Noticed Jessica
  1340 | D:2      | Killed Jessica
  1340 | D:2      | Reached XP level 4. HP: 27/27 MP: 7/7
  1424 | D:2      | Reached skill level 1 in Fighting
  1511 | D:2      | Reached XP level 5. HP: 33/33 MP: 7/9
  1665 | D:2      | Learned a level 2 spell: Swiftness
  2195 | D:2      | Found a white marble altar of Elyvilon.
  2366 | D:2      | Found a blossoming altar of Fedhas.
  2527 | D:3      | Learned a level 5 spell: Lightning Bolt
  2818 | D:3      | Found a sacrificial altar of Ru.
  2865 | D:3      | Reached skill level 4 in Air Magic
  2997 | D:3      | Reached XP level 6. HP: 38/38 MP: 0/11
  3842 | D:4      | Found a glowing drain.
  3960 | Sewer    | Entered a sewer
  3996 | Sewer    | Noticed Purgy
  4348 | Sewer    | Killed Purgy
  4348 | Sewer    | Reached XP level 7. HP: 45/45 MP: 4/12
  4710 | D:4      | Learned a level 4 spell: Airstrike
  4820 | D:4      | Found a staircase to the Ecumenical Temple.
  4829 | Temple   | Entered the Ecumenical Temple
  5346 | Temple   | Became a worshipper of Dithmenos the Shadowed
  5522 | D:4      | Found a runed translucent door.
  5523 | D:4      | Noticed fritzmikael's ghost (amateur GrEE)
  5814 | D:4      | Found a burning altar of Makhleb.
  5814 | D:4      | Noticed a blizzard demon
  5865 | D:4      | Noticed a ynoxinul
  5865 | D:4      | Noticed a hellwing
  5903 | D:4      | Found a sparkling altar of Nemelex Xobeh.
  5945 | D:5      | Entered Level 5 of the Dungeon
  6138 | D:5      | Reached skill level 5 in Air Magic
  6664 | D:5      | Slain by a sky beast

Levels and vault maps discovered:
D:1:      minmay_arrival_wavy_path, layout_loops_ring, serial_forest,
          infiniplex_forest_clump_diagonal, infiniplex_forest_clump_double,
          infiniplex_forest_clump_tiny, infiniplex_forest_lined_2,
          infiniplex_forest_lined_3, infiniplex_forest_straight_4
D:2:      layout_basic, fedhas_altar_4, elyvilon_altar_3,
          minmay_misc_feat_encased, uniq_jessica
D:3:      minmay_octagon_keep, layout_loops_ring, nrook_loot_triangle,
          nicolae_ru_awakened_eye
D:4:      layout_cave_pools, makhleb_altar_promises_db,
          lemuel_temple_firewalk_a, gammafunk_ghost_grave, first_ration,
          cheibrodos_sewer_entry_sluice, nemelex_spade_bored_becter
D:5:      layout_layer_cave, zin_purify, kennysheep_cluttered_room
Temple:   chequers_temple_sunken

Skill      XL: |  1  2  3  4  5  6  7 |
---------------+----------------------+-----
Conjurations   | 2 3 4 |  4.1
Fighting       | 1 2 |  2.6
Spellcasting   | 3 4 |  4.4
Air Magic      | 4 5 |  5.1
Dodging        | 3 |  3.5
Stealth        | |  2.6

Action                   |  1- 3 |  4- 6 |  7- 9 || total
-------------------------+-------+-------+-------++-------
Melee: Dagger            |    10 |    10 |     2 ||    22
       Tentacles         |     2 |     1 |     2 ||     5
       Constrict         |     1 |     3 |     1 ||     5
       Short sword       |       |       |    10 ||    10
Throw: Dart              |       |       |     3 ||     3
 Cast: Shock             |    53 |   193 |    85 ||   331
  Use: Scroll            |       |     5 |       ||     5
 Stab: Sleeping          |     3 |       |     1 ||     4
  Eat: Ration            |       |     1 |     1 ||     2
       Chunk             |       |     7 |     4 ||    11
Armor: Skin              |     1 |     2 |     2 ||     5
Dodge: Dodged            |     4 |    20 |    15 ||    39
